 Dungeon Crawl Stone Soup version 0.27-a0-216-g1fbed8a51c (webtiles) character file.

Game seed: 414915229377475336

4079 jasper the Slasher (level 9, -6/94 (111) HPs)
             Began as a Demigod Warper on Jan 31, 2021.
             Mangled by a two-headed ogre
             ... wielding a +2 dire flail of protection
              (19 damage)
             ... on level 8 of the Dungeon.
             The game lasted 00:26:36 (10961 turns).

jasper the Slasher (Demigod Warper)                Turns: 10961, Time: 00:26:37

HP:   -6/94 (111)   AC: 24    Str: 14    XL:     9   Next: 77%
MP:   1/15          EV:  2    Int: 23    God:
Gold: 428           SH:  0    Dex: 15    Spells: 1/12 levels left

rFire    + . .     SeeInvis .   a - +1 falchion
rCold    . . .     Faith    .   (no shield)
rNeg     + + +     Spirit   .   (armour currently unavailable)
rPois    +         Reflect  .   (helmet currently unavailable)
rElec    .         Harm     .   (cloak currently unavailable)
rCorr    .         Rampage  .   (gloves currently unavailable)
Will     .....     NoTele   +   (boots currently unavailable)
Stlth    +.........             v - amulet of regeneration
HPRegen  0.65/turn              D - ring of poison resistance
MPRegen  0.14/turn              J - ring of protection from fire

@: brilliant, tree-form, attractive, heavily drained
A: high mp 1
a: no special abilities


You were on level 8 of the Dungeon.
You were a tree.
You visited 1 branch of the dungeon, and saw 10 of its levels.

You collected 428 gold pieces.

Inventory:

Hand Weapons
 a - a +1 falchion (weapon)
Missiles
 e - 8 boomerangs of dispersal (quivered)
 g - 272 stones
 j - 52 bolts
 C - 4 javelins
 F - 5 boomerangs
Armour
 b - a +0 leather armour
 l - a +0 ring mail
 m - a +0 helmet (melded)
 t - a +0 pair of boots (melded)
 x - the cursed +1 scale mail "Pokeisk" (melded) {rElec rF+ Will+}
   (You found it on level 4 of the Dungeon)

   It protects you from fire.
   It insulates you from electricity.
   It affects your willpower, your defense against some magical effects.
   It has a curse placed upon it.
Jewellery
 v - an amulet of regeneration (around neck)
 y - an uncursed amulet of the acrobat
 D - a ring of poison resistance (left branch)
 E - an uncursed ring of resist corrosion
 G - an uncursed ring of positive energy
 H - a +6 ring of dexterity
 I - an uncursed ring of wizardry {unknown}
 J - a ring of protection from fire (right branch)
Scrolls
 c - 5 scrolls of fog
 d - a scroll of blinking
 h - 2 scrolls of magic mapping
 i - 5 scrolls of remove curse
 n - 4 scrolls of enchant armour
 o - 5 scrolls of noise
 A - 2 scrolls of enchant weapon
 B - 3 scrolls of identify
 K - 2 scrolls of amnesia
Potions
 k - 2 potions of magic
 q - 3 potions of ambrosia
 s - a potion of resistance
 u - a potion of degeneration
 w - a potion of cancellation
 z - 2 potions of flight
 N - a potion of curing


   Skills:
 + Level 5.5 Fighting
 * Level 7.8 Long Blades
 - Level 0.8 Throwing
 + Level 5.2 Armour
 + Level 5.5 Dodging
 + Level 2.2 Spellcasting
 + Level 1.8 Necromancy
 - Level 5.4 Translocations
 + Level 1.8 Air Magic


You had one spell level left.
You knew the following spells:

 Your Spells              Type           Power        Failure   Level
a - Blink                 Tloc           N/A          1%          2
b - Lesser Beckoning      Tloc           20%          4%          3
c - Gell's Gravitas       Tloc           20%          4%          3
d - Animate Skeleton      Necr           32%          6%          1
e - Swiftness             Air            16%          9%          2

Your spell library contained the following spells:

 Spells                   Type           Power        Failure   Level
 Pain                     Necr           64%          6%          1
 Shock                    Conj/Air       40%          9%          1
 Sting                    Tmut/Pois      12%          13%         1
 Teleport Other           Tloc           41%          4%          3
 Poisonous Vapours        Pois/Air       20%          13%         2
 Passage of Golubria      Tloc           N/A          13%         4
 Vampiric Draining        Necr           8%           17%         3
 Static Discharge         Conj/Air       10%          26%         3
 Mephitic Cloud           Conj/Pois/Air  8%           28%         3
 Ignite Poison            Fire/Tmut/Pois 3%           36%         3
 Airstrike                Air            8%           50%         4
 Animate Dead             Necr           8%           50%         4
 Olgreb's Toxic Radiance  Pois           3%           77%         4
 Agony                    Necr           16%          85%         5
 Lightning Bolt           Conj/Air       5%           93%         5
 Irradiate                Conj/Tmut      1%           98%         5
 Hydra Form               Tmut           1%           100%        6
 Statue Form              Tmut/Erth      2%           100%        6
 Dragon Form              Tmut           1%           100%        7


Dungeon Overview and Level Annotations

Branches:
Dungeon (10/15)            Temple (0/1) D:4            Lair (0/6) D:9
    Orc: D:9-12

Shops:
D:4 =}

Annotations:
D:3 1 runed translucent door, Crazy Yiuf
D:6 2 transporters, Krezlik's ghost, amateur KoBr


Innate Abilities, Weirdness & Mutations

You have an increased reservoir of magic. (+10% MP)


Message History

You now have 20/94 hp.
Okay, then.
You hit the two-headed ogre but do no damage.
The two-headed ogre is moderately wounded.
The two-headed ogre hits you but does no damage.
The two-headed ogre hits you with a +0 giant spiked club.
* * * LOW HITPOINT WARNING * * *
You barely miss the two-headed ogre.
The two-headed ogre is moderately wounded.
The two-headed ogre hits you with a +2 dire flail of protection.
* * * LOW HITPOINT WARNING * * *
The two-headed ogre hits you with a +0 giant spiked club.
* * * LOW HITPOINT WARNING * * *
You take 7 damage, and have 13/94 hp.
You hit the two-headed ogre but do no damage.
The two-headed ogre is moderately wounded.
The two-headed ogre hits you with a +2 dire flail of protection.
* * * LOW HITPOINT WARNING * * *
The two-headed ogre hits you with a +0 giant spiked club!!
You die...

#.....# ##.##.#.###
########.....# #..#[#....
#............#####'#.#####
##.#......####........#
#......# #........#
#......# #........#
#......# #........#
####.....O# #.....[..#
#........♣# #.....[>.#
#.........# #...<..[.#
#.........# #........#
#.........# ##########
#.......?.# ###########


You could see a two-headed ogre.

Vanquished Creatures
  Pikel (D:7)
  A komodo dragon (D:9)
  2 wyverns
  2 black bears
  2 ice beasts
  3 sky beasts
  2 phantoms
  An orc warrior (D:7)
  A necrophage (D:8)
  2 centaurs (D:7)
  3 ogres
  A lemure (D:7)
  3 bullfrogs
  2 scorpions (D:4)
  4 killer bees
  5 wights (D:8)
  A howler monkey (D:3)
  A bullfrog zombie (D:5)
  A centaur zombie (D:6)
  A quasit (D:8)
  3 jellies
  A hound (D:3)
  2 orc priests
  2 bullfrog skeletons
  2 centaur skeletons
  6 orc wizards
  4 worker ants
  3 hound skeletons
  2 worker ant zombies
  Robin (D:1)
  6 adders
  3 gnolls (D:8)
  A white imp (D:9)
  2 adder skeletons
  3 worms
  4 dart slugs
  10 leopard geckos
  32 orcs
  4 ball pythons
  5 giant cockroaches
  19 goblins
  9 hobgoblins
  22 jackals
  2 quokkas
  9 bats
  5 frilled lizards
  A jackal skeleton (D:6)
  4 kobolds (D:1)
  2 leopard gecko zombies
  A quokka skeleton (D:4)
  3 rats
212 creatures vanquished.

Vanquished Creatures (others)
  3 plants (D:9)
3 creatures vanquished.

Grand Total: 215 creatures vanquished

Notes
Turn   | Place    | Note
-------+----------+-------------------------------------------
     0 | D:1      | jasper the Demigod Warper began the quest for the Orb.
     0 | D:1      | Reached XP level 1. HP: 17/17 MP: 5/5
    11 | D:1      | Reached skill level 1 in Armour
   235 | D:1      | Reached skill level 2 in Long Blades
   406 | D:1      | Reached XP level 2. HP: 14/24 MP: 7/7
  1030 | D:1      | Learned a level 2 spell: Blink
  1162 | D:1      | Reached XP level 3. HP: 29/29 MP: 8/8
  1482 | D:2      | Found a hide-covered altar of Uskayaw.
  1491 | D:2      | Found a shimmering blue altar of Sif Muna.
  1499 | D:2      | Found a sacrificial altar of Ru.
  1612 | D:2      | Learned a level 3 spell: Lesser Beckoning
  1740 | D:2      | Noticed Robin
  1856 | D:1      | Killed Robin
  2160 | D:2      | Reached XP level 4. HP: 36/36 MP: 9/9
  2882 | D:3      | Reached skill level 3 in Long Blades
  3425 | D:3      | Found a runed translucent door.
  3426 | D:3      | Noticed Crazy Yiuf
  4081 | D:4      | Noticed an ogre
  4141 | D:3      | Reached XP level 5. HP: 34/42 MP: 10/10
  4530 | D:4      | Found Yhath's Gadget Shop.
  4533 | D:4      | Found a staircase to the Ecumenical Temple.
  4567 | D:4      | Noticed an ogre
  4570 | D:4      | Killed an ogre
  4571 | D:4      | Reached XP level 6. HP: 50/50 MP: 11/11
  4585 | D:4      | Learned a level 3 spell: Gell's Gravitas
  4725 | D:4      | Reached skill level 4 in Long Blades
  4866 | D:4      | Got a dazzling scale mail
  4881 | D:4      | Identified the cursed +1 scale mail "Pokeisk" {rElec rF+
                  | Will+} (You found it on level 4 of the Dungeon)
  4986 | D:4      | Found Xayduekh's Magic Scroll Shoppe.
  5083 | D:4      | Found Codwyine's Jewellery Boutique.
  5193 | D:5      | Entered Level 5 of the Dungeon
  5231 | D:5      | Reached XP level 7. HP: 46/57 MP: 12/12
  5333 | D:5      | Learned a level 1 spell: Animate Skeleton
  5554 | D:5      | Found a shimmering altar of Xom.
  5718 | D:5      | Reached skill level 5 in Long Blades
  6005 | D:5      | Found a broken altar of Ashenzari.
  6133 | D:5      | Found a snail-covered altar of Cheibriados.
  6515 | D:6      | Found a transporter.
  6517 | D:6      | Found a transporter.
  6518 | D:6      | Noticed Krezlik's ghost (amateur KoBr)
  6543 | D:6      | Noticed a hornet
  7099 | D:7      | Reached XP level 8. HP: 66/66 MP: 4/13
  7546 | D:7      | Reached skill level 6 in Long Blades
  7557 | D:7      | Found an iron altar of Okawaru.
  7609 | D:7      | Noticed Pikel
  7672 | D:7      | Killed Pikel
  7673 | D:7      | Reached skill level 5 in Translocations
  8509 | D:8      | Noticed a two-headed ogre
  8625 | D:9      | Found a staircase to the Lair.
  8626 | D:9      | Noticed a komodo dragon
  8650 | D:9      | Killed a komodo dragon
  8651 | D:9      | Reached skill level 7 in Long Blades
  8651 | D:9      | Reached skill level 5 in Dodging
  8651 | D:9      | Reached XP level 9. HP: 12/73 MP: 14/14
  8654 | D:9      | Learned a level 2 spell: Swiftness
  8710 | D:9      | Reached skill level 5 in Fighting
  8860 | D:10     | Entered Level 10 of the Dungeon
  9029 | D:9      | Found an ancient bone altar of Kikubaaqudgha.
  9276 | D:8      | Reached skill level 1 in Necromancy
  9347 | D:8      | Reached skill level 1 in Air Magic
  9364 | D:8      | Reached skill level 5 in Armour
  9383 | D:8      | Identified the +3 plate armour of Shadows and Fog {rF-
                  | rCorr Str-2 SInv} (You found it on level 8 of the Dungeon)
 10372 | D:10     | HP: 2/54 [wyvern (9)]
 10934 | D:8      | HP: 1/63 [two-headed ogre/+2 dire flail of protection (18)]
 10961 | D:8      | Mangled by a two-headed ogre

Illustrated notes

Levels and vault maps discovered:
D:1:      elethiomel_arrival_shortcut, layout_basic
D:2:      layout_basic, overflow_temple_1_default, minitemple, uniq_robin
D:3:      layout_basic, uniq_crazy_yiuf_cottage
D:4:      layout_basic, minmay_temple_entry_purple_smoke, serial_shops, shop,
          shop, kennysheep_mini_moat
D:5:      wander_river, layout_gridville, slow_altar_2,
          nicolae_overflow_crystal_walls, ashenzari_altar_1
D:6:      layout_cave_pools, gammafunk_ghost_hive
D:7:      layout_gridville, okawaru_ov_weapons_minmay, serial_glass,
          glass_columns_a, glass_columns_b, uniq_pikel
D:8:      layout_basic, special_room [special_room_orc], minmay_circle_x
D:9:      layout_basic, old_standard_altar, gammafunk_temple_overflow_forgotten,
          david_lair_shrubbed, serial_shops, shop, skrybe_limestone_x,
          minmay_fractal_squares_gapless_5
D:10:     layout_cave_pools

Skill      XL: |  1  2  3  4  5  6  7  8  9 |
---------------+----------------------------+-----
Armour         | 1 2 3 4 5 |  5.2
Long Blades    | 2 3 4 5 7 |  7.8
Dodging        | 2 3 5 |  5.5
Fighting       | 2 3 4 5 |  5.5
Translocations | 3 4 5 |  5.4
Necromancy     | 1 |  1.8
Air Magic      | 1 |  1.8
Spellcasting   | 2 |  2.2
Throwing       | |  0.8

Action                   |  1- 3 |  4- 6 |  7- 9 || total
-------------------------+-------+-------+-------++-------
Melee: Falchion          |   171 |   232 |   769 ||  1172
Throw: Stone             |    19 |    22 |    64 ||   105
       Throwing net      |       |       |     2 ||     2
 Cast: Gell's Gravitas   |       |       |    19 ||    19
       Blink             |       |       |    20 ||    20
       Animate Skeleton  |       |       |     1 ||     1
Evoke: Wand              |       |    16 |    15 ||    31
  Use: Scroll            |       |    10 |    18 ||    28
       Potion            |       |     1 |     9 ||    10
 Stab: Paralysed         |       |       |    11 ||    11
       Held in net/web   |       |       |     2 ||     2
Armor: Leather armour    |    18 |       |       ||    18
       Ring mail         |    57 |    99 |       ||   156
       Scale mail        |       |    18 |   383 ||   401
       Skin              |       |       |     2 ||     2
Dodge: Dodged            |   106 |   125 |   531 ||   762
       Rpst.: Falchion   |    42 |    33 |   172 ||   247

Table legend: (Time is in decaauts)
 A = Elapsed time spent in this place.
 B = Non-inter-level travel time spent in this place.
 C = Inter-level travel time spent in this place.
 D = Time resting spent in this place.
 E = Time spent auto-exploring this place.
 F = Levels seen in this place.
 G = Mean time per level.
                   A        B        C        D        E       F      G
               +--------+--------+--------+--------+--------+-----+--------+
         Total |  11042 |  10625 |    417 |   1841 |   5874 |  10 | 1104.2 |
       Dungeon |  11042 |  10625 |    417 |   1841 |   5874 |  10 | 1104.2 |
               +--------+--------+--------+--------+--------+-----+--------+

Top non-repeatable levels by time:
     D:1: 1676 daAuts
     D:3: 1628 daAuts
     D:8: 1545 daAuts
     D:7: 1393 daAuts
     D:5: 1282 daAuts
     D:4: 1039 daAuts
     D:2: 966 daAuts
     D:6: 693 daAuts
     D:9: 677 daAuts
    D:10: 136 daAuts
